 Dungeon Crawl Stone Soup version 0.19-a0-1091-g463c9de (webtiles) character file.

112 Leszczynek the Cudgeler (level 4, 0/45 HPs)
             Began as an Ogre Conjurer on Aug 7, 2016.
             Slain by a jackal (3 damage)
             ... on level 2 of the Dungeon.
             The game lasted 00:08:08 (1142 turns).

Leszczynek the Cudgeler (Ogre Conjurer)             Turns: 1142, Time: 00:08:09

Health: 0/45       AC:  3    Str: 13 (14) XL:     4   Next: 95%
Magic:  4/7        EV: 10    Int: 12 (14) God:
Gold:   101        SH:  0    Dex:  9 (10) Spells: 2 memorised, 4 levels left

rFire  . . .     SeeInvis .     l - +2 dagger (elec)
rCold  . . .     Gourm    .     d - +0 robe
rNeg   . . .     Faith    .     (no shield)
rPois  .         Spirit   .     (helmet restricted)
rElec  .         Dismiss  .     (no cloak)
rCorr  .         Reflect  .     (gloves unavailable)
SustAt .         Harm     .     (boots unavailable)
MR     .....                    (no amulet)
Stlth  +.........               (no ring)
                                (no ring)

@: lethally poisoned (0 -> -2), very slightly contaminated
A: unfitting armour, tough skin 1
a: no special abilities


You were on level 2 of the Dungeon.
You were hungry.

You visited 1 branch of the dungeon, and saw 3 of its levels.

You collected 101 gold pieces.

Inventory:

Hand Weapons
 a - a +1 mace
 k - a +0 blowgun
 l - a +2 dagger of electrocution (weapon)
Armour
 d - a +0 robe (worn)
Potions
 e - a potion of degeneration
Books
 b - a book of Conjurations

   Spells                             Type                      Level
   a - Magic Dart                     Conjuration                  1
   b - Searing Ray                    Conjuration                  2
   c - Dazzling Spray                 Conjuration/Hexes            3
   d - Fulminant Prism                Conjuration/Hexes            4
   e - Iskenderun's Mystic Blast      Conjuration                  4
   f - Iskenderun's Battlesphere      Conjuration/Charms           5
Comestibles
 c - 2 bread rations
 f - 5 chunks of flesh
 h - a meat ration


   Skills:
 + Level 3.4 Fighting
 * Level 4.4 Maces & Flails
 - Level 1.7 Dodging
 - Level 1.5 Stealth
 - Level 2.4 Spellcasting
 - Level 2.9 Conjurations


You had 4 spell levels left.
You knew the following spells:

 Your Spells              Type           Power        Failure   Level  Hunger
a - Magic Dart            Conj           #...         10%         1    ##.....
b - Searing Ray           Conj           #.....       12%         2    ###....


Dungeon Overview and Level Annotations

Branches:
Dungeon (3/15)

Altars:

Annotations:
D:1 1 runed door
D:2 Jessica
D:3 JustSomeDude's ghost, amateur DsFi


Innate Abilities, Weirdness & Mutations

You are too large for most types of armour.
You have tough skin. (AC +1)


Message History

The adder poisons you! The jackal bites you. The adder bites you.
* * * LOW HITPOINT WARNING * * *
Unknown command.
You hit the adder.
There is a sudden explosion of sparks!
You kill the adder!
You feel sick. The bat hits you but does no damage. The bat barely misses you.
The jackal bites you.
* * * LOW HITPOINT WARNING * * *
The jackal bites you.
* * * LOW HITPOINT WARNING * * *
The hobgoblin hits you with a club.
* * * LOW HITPOINT WARNING * * *
Unknown command.
The bat hits you but does no damage. The hobgoblin barely misses you.
A jackal comes into view.
The jackal barks!
You hit the jackal.
The jackal is severely wounded.
The jackal barely misses you. The jackal bites you.
You die...

########
#......#
#......#
#......#
#.....@#
#....gh#
#.....b#
#####
#.h....#
#...##
#......#
.....##
.h......#
..#
......#
#####.#...
#..#####
......#
...#..##.
........ .
......#
#....# #
#..#..
....


You could see 3 jackals, a hobgoblin and a bat.

Vanquished Creatures
  An orc wizard (D:3)
  5 adders
  A worm (D:3)
  5 orcs (D:3)
  2 bats (D:3)
  6 goblins
  3 hobgoblins
  A ball python (D:1)
  A giant newt (D:1)
  4 kobolds
  3 rats
32 creatures vanquished.

Notes
Turn   | Place    | Note
-------+----------+-------------------------------------------
     0 | D:1      | Leszczynek the Ogre Conjurer began the quest for the Orb.
     0 | D:1      | Reached XP level 1. HP: 16/16 MP: 3/3
     1 | D:1      | Found a runed door.
   135 | D:1      | Reached skill level 1 in Maces & Flails
   287 | D:2      | Reached skill level 1 in Fighting
   287 | D:2      | Reached skill level 2 in Maces & Flails
   287 | D:2      | Reached XP level 2. HP: 18/27 MP: 0/5
   456 | D:1      | You fall through a shaft!
   471 | D:2      | Noticed Jessica
   476 | D:2      | Learned a level 2 spell: Searing Ray
   520 | D:2      | Reached XP level 3. HP: 17/35 MP: 0/6
   562 | D:3      | Reached skill level 2 in Fighting
   691 | D:3      | Reached skill level 3 in Maces & Flails
   798 | D:3      | Reached XP level 4. HP: 44/44 MP: 0/7
   941 | D:3      | Reached skill level 3 in Fighting
   941 | D:3      | Reached skill level 4 in Maces & Flails
  1100 | D:3      | Noticed JustSomeDude's ghost (amateur DsFi)
  1120 | D:3      | Noticed an ogre
  1121 | D:3      | dedf
  1121 | D:3      | ded
  1135 | D:2      | right
  1135 | D:2      | very fair
  1140 | D:2      | HP: 4/45 [jackal (1)]
  1142 | D:2      | Slain by a jackal

Vault maps used:
D:1:      dpeg_arrival_caged_fury
D:2:      first_bread, uniq_jessica
D:3:      kennysheep_decorative_pillar

Skill      XL: |  1  2  3  4 |
---------------+-------------+-----
Maces & Flails | 2 3 4 |  4.4
Fighting       | 1 2 3 |  3.4
Dodging        | |  1.7
Stealth        | |  1.5
Spellcasting   | |  2.4
Conjurations   | |  2.9

Action                   |  1- 3 |  4- 6 || total
-------------------------+-------+-------++-------
Melee: Mace              |    48 |       ||    48
       Dagger            |       |     7 ||     7
 Cast: Magic Dart        |    36 |    16 ||    52
       Searing Ray       |     1 |     2 ||     3
  Use: Scroll            |       |     3 ||     3
       Potion            |       |     1 ||     1
 Stab: Sleeping          |     1 |       ||     1
  Eat: Chunk             |     1 |     1 ||     2
Armor: Robe              |    16 |     8 ||    24
Dodge: Dodged            |    21 |    14 ||    35
